 Dungeon Sprint DCSS version 0.27.1 (webtiles) character file.

Game seed: 11516938803027497372

11400000 sasquatch the Axe Maniac (level 27, -12/249 HPs)
             Began as a Formicid Fighter on Aug 22, 2021.
             Was the Champion of Makhleb.
             Killed from afar by a dread (27 damage)
             ... with damnation
             ... in the Dungeon (Sprint VIII: "Arena of Blood").
             The game lasted 00:07:39 (114 turns).

sasquatch the Axe Maniac (Formicid Fighter)          Turns: 114, Time: 00:07:40

Health: -12/249    AC: 13    Str: 31    XL:     27
Magic:  42/54      EV: 20    Int: 11    God:    Makhleb [******]
Gold:   0          SH: 19    Dex: 10    Spells: 80/80 levels left

rFire    . . .     SeeInvis +   h - +∞ Axe of Woe
rCold    . . .     Faith    .   c - +0 kite shield
rNeg     . . .     Spirit   .   b - +0 scale mail
rPois    .         Reflect  .   (helmet unavailable)
rElec    .         Harm     .   (no cloak)
rCorr    .         Rampage  .   (no gloves)
Will     ++...                  (no boots)
Stlth    ++++++++..             (no amulet)
HPRegen  0.51/turn              i - +250 ring of slaying
MPRegen  0.34/turn              j - +250 ring of slaying

@: mighty
A: permanent stasis, dig shafts and tunnels, antennae 3, four strong arms
a: Dig, Renounce Religion, Minor Destruction, Lesser Servant of Makhleb, Major
Destruction, Greater Servant of Makhleb


You were in the Dungeon.
You worshipped Makhleb.
Makhleb was exalted by your worship.
You visited 1 branch

Inventory:

Hand Weapons
 a - a +0 war axe
 h - the +∞ Axe of Woe (weapon)
   (You found it in the Dungeon)
Armour
 b - a +0 scale mail (worn)
 c - a +0 kite shield (worn)
Jewellery
 i - a +250 ring of slaying (left hand)
 j - a +250 ring of slaying (right hand)
Potions
 e - a potion of curing
 g - 2 potions of magic


   Skills:
 O Level 27 Fighting
 O Level 27 Short Blades
 O Level 27 Long Blades
 O Level 27 Axes
 O Level 27 Maces & Flails
 O Level 27 Polearms
 O Level 27 Staves
 O Level 27 Slings
 O Level 27 Bows
 O Level 27 Crossbows
 O Level 27 Throwing
 O Level 27 Armour
 O Level 27 Dodging
 O Level 27 Stealth
 O Level 27 Shields
 O Level 27 Unarmed Combat
 O Level 27 Spellcasting
 O Level 27 Conjurations
 O Level 27 Hexes
 O Level 27 Summonings
 O Level 27 Necromancy
 O Level 27 Translocations
 O Level 27 Transmutations
 O Level 27 Fire Magic
 O Level 27 Ice Magic
 O Level 27 Air Magic
 O Level 27 Earth Magic
 O Level 27 Poison Magic
 O Level 27 Invocations
 O Level 27 Evocations


You had 80 spell levels left.
You didn't know any spells.
Your spell library was empty.

Dungeon Overview and Level Annotations

Branches:
Dungeon (1/1)

Altars:
Makhleb


Innate Abilities, Weirdness & Mutations

You cannot be hasted, slowed, berserked, paralysed or teleported.
You can dig through walls and to a lower floor.
You have a pair of large antennae on your head. (SInv)
Your four strong arms can wield two-handed weapons with a shield.


Message History

You feel better.
You hear a shout! x3
The eight-headed meat hydra calls on the powers of darkness!
The eight-headed meat hydra convulses!
Your body is wracked with pain!
You hear a shout!
A large bag of meat comes into view. It is wielding a +9 giant spiked club.
An observer comes into view.
You hear a shout! x4
A bag of meat comes into view. It is wielding a +9 war axe.
A meat berserker comes into view. It is wielding a +9 battleaxe.
You hear a shout!
The eight-headed meat hydra calls on the powers of darkness!
The eight-headed meat hydra convulses!
The bag of meat convulses!
Your body is wracked with pain!
* * * LOW HITPOINT WARNING * * *
The bag of meat convulses!
You hear a shout!
A scourge comes into view.
The tyrant waves its bony arms in wide circles.
The air twists around and strikes you!!
* * * LOW HITPOINT WARNING * * *
The eight-headed meat hydra calls on the powers of darkness!
The eight-headed meat hydra convulses!
The meat berserker convulses!
The bag of meat convulses!
The large bag of meat convulses!
Flame seeps out of the large bag of meat.
The bag of meat convulses!
The scourge convulses! x2
The bag of meat convulses!
The meat berserker convulses!
The bag of meat convulses!
Your body is wracked with pain!
* * * LOW HITPOINT WARNING * * *
The bag of meat convulses!
The bag of meat moves out of view.
You hear an angry hiss.
Items here: )))) ====.
The observer turns its gaze towards you.
You slice the bag of meat like a ripe choko!!!!!!
You pulverise the bag of meat into a thin bloody mist.
You blow up the bag of meat!
Makhleb accepts your kill. The dread throws damnation at you.
The sphere of damnation explodes!
The damnation engulfs you!!
You die...

........###.........
#........_..........
..... #....D#.......
......#_.<)_#.......
......#...).#......#
#.....)))_.)).L..O..
...O..))###))W....Oo
...###)))).)o###..o
{{ #.).)@))#{{ {{ {
#....))O#{{ {{
{.......W...o.z{ {
{........S..OoS§#
....GO......o.G#..
............D##...
...#........#. ...
...........#.. ##


You could see a tyrant, 2 eight-headed meat hydras, 2 observers, 2 scourges, a
sculptor of flesh, 2 large bags of meat, a dread, a wretched soul (invisible), 3
meat berserkers and 4 bags of meat.

Vanquished Creatures
  7 hell beasts (D)
  Edmund (D)
  A royal mummy (D)
  2 great orbs of eyes (D)
  3 wraiths (D)
  Harold (D)
  14 vampire knights (D)
  38 ogres (D)
  3 two-headed ogres (D)
  5 liches (D)
  4 hydras (D)
  44 orcs (D)
  5 phantoms (D)
  7 skeletal warriors (D)
  A sea snake (D)
136 creatures vanquished.

Notes
Turn   | Place    | Note
-------+----------+-------------------------------------------
     0 | D        | Found the +∞ Axe of Woe
     0 | D        | sasquatch the Formicid Fighter began the quest for the Orb.
     0 | D        | Reached XP level 1. HP: 18/18 MP: 1/1
     2 | D        | Noticed a meat berserker
     2 | D        | Noticed a bag of meat
     3 | D        | Became a worshipper of Makhleb the Destroyer
     6 | D        | Killed a meat berserker
     7 | D        | Reached XP level 2. HP: 51/51 MP: 2/2
     7 | D        | Reached XP level 3. HP: 58/58 MP: 3/3
     7 | D        | Reached XP level 4. HP: 65/65 MP: 4/4
     7 | D        | Reached XP level 5. HP: 72/72 MP: 5/5
     7 | D        | Reached XP level 6. HP: 79/79 MP: 6/6
     7 | D        | Reached XP level 7. HP: 85/85 MP: 7/7
     7 | D        | Reached XP level 8. HP: 93/93 MP: 8/8
     7 | D        | Reached XP level 9. HP: 99/99 MP: 9/9
     7 | D        | Reached XP level 10. HP: 107/107 MP: 10/10
     7 | D        | Reached XP level 11. HP: 113/113 MP: 11/11
     7 | D        | Reached XP level 12. HP: 120/120 MP: 12/12
     7 | D        | Reached XP level 13. HP: 127/127 MP: 13/13
     9 | D        | Killed a bag of meat
     9 | D        | Reached * piety under Makhleb
    10 | D        | Reached XP level 14. HP: 134/134 MP: 14/14
    10 | D        | Noticed a meat berserker
    10 | D        | Noticed a meat berserker
    10 | D        | Noticed a meat berserker
    10 | D        | Noticed a meat berserker
    11 | D        | Noticed a bag of meat
    11 | D        | Noticed a bag of meat
    11 | D        | Noticed a bag of meat
    11 | D        | Noticed a meat berserker
    11 | D        | Noticed a bag of meat
    11 | D        | Noticed a meat berserker
    12 | D        | Killed a meat berserker
    12 | D        | Noticed a meat berserker
    12 | D        | Noticed a bag of meat
    13 | D        | Reached XP level 15. HP: 99/141 MP: 15/15
    13 | D        | Killed a meat berserker
    13 | D        | Noticed a meat berserker
    14 | D        | Reached skill level 27 in Axes
    14 | D        | Reached XP level 16. HP: 107/152 MP: 16/16
    14 | D        | Killed a meat berserker
    14 | D        | Reached ** piety under Makhleb
    15 | D        | Reached XP level 17. HP: 161/164 MP: 17/17
    16 | D        | Killed a meat berserker
    16 | D        | Killed a meat berserker
    16 | D        | Reached *** piety under Makhleb
    17 | D        | Reached skill level 27 in Fighting
    17 | D        | Reached skill level 27 in Armour
    17 | D        | Reached skill level 27 in Shields
    17 | D        | Reached XP level 18. HP: 182/182 MP: 18/18
    17 | D        | Reached XP level 19. HP: 189/189 MP: 19/19
    17 | D        | Noticed a large bag of meat
    17 | D        | Noticed a meat berserker
    18 | D        | Killed a meat berserker
    19 | D        | Noticed a meat berserker
    20 | D        | Killed a meat berserker
    20 | D        | Noticed a meat berserker
    20 | D        | Noticed a meat berserker
    21 | D        | Reached skill level 27 in Dodging
    21 | D        | Reached XP level 20. HP: 197/197 MP: 19/29
    21 | D        | Noticed a meat berserker
    21 | D        | Noticed a meat berserker
    21 | D        | Noticed a meat berserker
    21 | D        | Noticed a destroyer
    22 | D        | Killed a meat berserker
    22 | D        | Reached **** piety under Makhleb
    22 | D        | Noticed a meat berserker
    24 | D        | Killed a meat berserker
    25 | D        | Reached skill level 27 in Stealth
    25 | D        | Reached skill level 27 in Invocations
    25 | D        | Reached XP level 21. HP: 204/204 MP: 19/38
    25 | D        | Killed a large bag of meat
    25 | D        | Reached ***** piety under Makhleb
    25 | D        | Killed a meat berserker
    26 | D        | Reached XP level 22. HP: 170/212 MP: 19/51
    26 | D        | Killed a meat berserker
    26 | D        | Killed a meat berserker
    27 | D        | Reached skill level 27 in Spellcasting
    27 | D        | Reached skill level 27 in Unarmed Combat
    27 | D        | Reached XP level 23. HP: 207/219 MP: 20/54
    27 | D        | Reached ****** piety under Makhleb
    28 | D        | Reached XP level 24. HP: 213/227 MP: 20/54
    29 | D        | Reached skill level 27 in Maces & Flails
    29 | D        | Reached skill level 27 in Polearms
    29 | D        | Reached XP level 25. HP: 221/234 MP: 20/54
    29 | D        | Noticed a destroyer
    29 | D        | Noticed a large bag of meat
    30 | D        | Reached skill level 27 in Staves
    30 | D        | Reached skill level 5 in Slings
    30 | D        | Reached skill level 5 in Evocations
    31 | D        | Noticed a destroyer
    32 | D        | Reached XP level 26. HP: 228/242 MP: 21/54
    32 | D        | Killed a destroyer
    33 | D        | Killed a destroyer
    34 | D        | Reached XP level 27. HP: 247/249 MP: 21/54
    34 | D        | Noticed a destroyer
    36 | D        | Killed a large bag of meat
    37 | D        | Killed a destroyer
    38 | D        | Killed a destroyer
    39 | D        | Noticed a destroyer
    42 | D        | Killed a destroyer
    43 | D        | Reached skill level 27 in Slings
    43 | D        | Reached skill level 27 in Evocations
    46 | D        | Noticed a destroyer
    48 | D        | Killed a destroyer
    48 | D        | Noticed The Servant
    49 | D        | Reached skill level 27 in Short Blades
    49 | D        | Reached skill level 27 in Long Blades
    49 | D        | Reached skill level 27 in Crossbows
    49 | D        | Reached skill level 27 in Throwing
    49 | D        | Noticed a tyrant
    50 | D        | Reached skill level 27 in Bows
    50 | D        | Reached skill level 5 in Poison Magic
    51 | D        | Reached skill level 10 in Hexes
    51 | D        | Reached skill level 10 in Earth Magic
    52 | D        | Reached skill level 10 in Conjurations
    52 | D        | Reached skill level 10 in Summonings
    52 | D        | Reached skill level 10 in Necromancy
    52 | D        | Reached skill level 10 in Translocations
    52 | D        | Reached skill level 10 in Fire Magic
    52 | D        | Reached skill level 10 in Ice Magic
    52 | D        | Noticed an accursed
    53 | D        | Killed a tyrant
    54 | D        | Reached skill level 15 in Hexes
    54 | D        | Reached skill level 15 in Earth Magic
    54 | D        | Noticed a large bag of meat
    55 | D        | Noticed a destroyer
    55 | D        | Killed The Servant
    56 | D        | Reached skill level 15 in Summonings
    56 | D        | Reached skill level 15 in Necromancy
    56 | D        | Reached skill level 15 in Fire Magic
    56 | D        | Reached skill level 15 in Ice Magic
    56 | D        | Noticed a tyrant
    58 | D        | Reached skill level 15 in Conjurations
    58 | D        | Reached skill level 15 in Translocations
    58 | D        | Noticed a meat beast
    59 | D        | Reached skill level 15 in Air Magic
    59 | D        | Killed a destroyer
    61 | D        | Killed an accursed
    61 | D        | Killed a meat beast
    62 | D        | Reached skill level 27 in Poison Magic
    62 | D        | Killed a tyrant
    62 | D        | Noticed a destroyer
    63 | D        | Reached skill level 27 in Hexes
    63 | D        | Reached skill level 27 in Earth Magic
    64 | D        | Killed a large bag of meat
    64 | D        | Noticed a dread
    64 | D        | Noticed a meat beast
    65 | D        | Noticed a destroyer
    66 | D        | Reached skill level 27 in Transmutations
    66 | D        | Noticed a dread
    66 | D        | Noticed a dread
    67 | D        | Killed a meat beast
    68 | D        | Reached skill level 27 in Conjurations
    68 | D        | Reached skill level 27 in Summonings
    68 | D        | Reached skill level 27 in Necromancy
    68 | D        | Reached skill level 27 in Translocations
    68 | D        | Reached skill level 27 in Fire Magic
    68 | D        | Reached skill level 27 in Ice Magic
    68 | D        | Reached skill level 27 in Air Magic
    68 | D        | Killed a destroyer
    68 | D        | Noticed a destroyer
    73 | D        | Noticed a meat beast
    75 | D        | Killed a destroyer
    75 | D        | Killed a dread
    77 | D        | Killed a destroyer
    77 | D        | Noticed a meat beast
    77 | D        | Noticed a destroyer
    78 | D        | Noticed a destroyer
    81 | D        | Killed a dread
    81 | D        | Killed a meat beast
    82 | D        | Killed a meat beast
    82 | D        | Killed a dread
    85 | D        | Noticed a meat beast
    88 | D        | Killed a destroyer
    88 | D        | Killed a destroyer
    89 | D        | Killed a meat beast
    92 | D        | Noticed a meat beast
    92 | D        | Noticed a tyrant
    93 | D        | Noticed a tyrant
    93 | D        | HP: 7/213 [wretched soul/bolt of negative energy (46)]
    95 | D        | Noticed a tyrant
    96 | D        | Killed a meat beast
    98 | D        | Noticed The Defiler
   102 | D        | Noticed a tyrant
   102 | D        | Killed a tyrant
   104 | D        | Killed a tyrant
   105 | D        | Noticed a large bag of meat
   105 | D        | Noticed a tyrant
   105 | D        | Noticed a meat beast
   106 | D        | Killed The Defiler
   108 | D        | Killed a meat beast
   109 | D        | Noticed a destroyer
   109 | D        | Noticed a dread
   109 | D        | Killed a tyrant
   109 | D        | Noticed a destroyer
   111 | D        | Killed a destroyer
   112 | D        | Killed a destroyer
   112 | D        | Noticed a large bag of meat
   114 | D        | Killed from afar by a dread

Illustrated notes

Levels and vault maps discovered:
D:        meatsprint

Skill      XL: |  1  2  3  4  5  6  7  8  9 10 11 12 13 14 15 16 17 18 19 20 21 22 23 24 25 26 27 |
---------------+----------------------------------------------------------------------------------+-----
Fighting       | 19 21 23 27 | 27.0
Axes           | 11 18 25 27 | 27.0
Armour         | 19 21 23 27 | 27.0
Shields        | 20 22 24 27 | 27.0
Dodging        | 8 12 19 27 | 27.0
Stealth        | 13 27 | 27.0
Invocations    | 12 27 | 27.0
Spellcasting   | 4 25 27 | 27.0
Unarmed Combat | 27 | 27.0
Maces & Flails | 13 26 27 | 27.0
Polearms       | 13 26 27 | 27.0
Staves         | 23 27 | 27.0
Short Blades   | 11 16 27 | 27.0
Long Blades    | 11 16 27 | 27.0
Slings         | 11 18 27 | 27.0
Bows           | 9 14 27 | 27.0
Crossbows      | 11 16 27 | 27.0
Throwing       | 11 16 27 | 27.0
Evocations     | 11 18 27 | 27.0
Conjurations   | 27 | 27.0
Hexes          | 27 | 27.0
Summonings     | 27 | 27.0
Necromancy     | 27 | 27.0
Translocations | 27 | 27.0
Transmutations | 27 | 27.0
Fire Magic     | 27 | 27.0
Ice Magic      | 27 | 27.0
Air Magic      | 27 | 27.0
Earth Magic    | 27 | 27.0
Poison Magic   | 27 | 27.0

Action                   |  1- 3 |  4- 6 |  7- 9 | 10-12 | 13-15 | 16-18 | 19-21 | 22-24 | 25-27 || total
-------------------------+-------+-------+-------+-------+-------+-------+-------+-------+-------++-------
Melee: Executioner's axe |     1 |       |       |       |     3 |     2 |     6 |     3 |    69 ||    84
Invok: Major Destruction |       |       |       |       |       |       |       |       |     3 ||     3
       Greater Servant o |       |       |       |       |       |       |       |       |     1 ||     1
  Use: Potion            |       |       |       |       |       |       |       |       |     2 ||     2
Armor: Scale mail        |       |       |       |       |       |       |       |       |     2 ||     2
Dodge: Dodged            |       |       |       |       |       |       |       |       |     4 ||     4
Block: Kite shield       |       |       |       |       |       |     1 |       |       |    10 ||    11
